 Dungeon Crawl Stone Soup version 0.21.1-1-g345015fe64 (webtiles) character file.

247 Ivernyr the Charmwright (level 6, -4/44 HPs)
             Began as a Human Skald on Apr 21, 2018.
             Was a Follower of Nemelex Xobeh.
             Killed by nerve-wracking pain
             ... invoked by Grinder
              (7 damage)
             ... on level 3 of the Dungeon on Apr 22, 2018.
             The game lasted 00:17:00 (3369 turns).

Ivernyr the Charmwright (Human Skald)               Turns: 3369, Time: 00:17:01

Health: -4/44      AC:  4    Str: 11    XL:     6   Next: 33%
Magic:  8/9        EV: 13    Int: 14    God:    Nemelex Xobeh [*.....]
Gold:   127        SH:  0    Dex: 17    Spells: 4/9 levels left

rFire    . . .     SeeInvis .   a - +0 falchion
rCold    . . .     Gourm    .   (no shield)
rNeg     . . .     Faith    .   s - +0 robe (curse)
rPois    +         Spirit   .   (no helmet)
rElec    .         Reflect  .   (no cloak)
rCorr    .         Harm     .   (no gloves)
MR       .....                  h - +1 pair of boots
Stlth    ++........             k - amulet of regeneration
HPRegen  0.54/turn              j - +3 ring of dexterity
MPRegen  0.11/turn              l - ring of poison resistance

@: no status effects
A: no striking features
a: Renounce Religion


You were on level 3 of the Dungeon.
You worshipped Nemelex Xobeh.
Nemelex Xobeh was aware of your devotion.
You were very hungry.

You visited 1 branch of the dungeon, and saw 3 of its levels.

You collected 127 gold pieces.

Inventory:

Hand Weapons
 a - a +0 falchion (weapon)
Armour
 b - a +0 leather armour
 h - a +1 pair of boots (worn)
 s - a cursed +0 robe (worn)
Jewellery
 j - a +3 ring of dexterity (left hand)
 k - an amulet of regeneration (around neck)
 l - a ring of poison resistance (right hand)
Scrolls
 e - a scroll of magic mapping {unknown}
 f - 2 scrolls of noise {unknown}
 i - 2 scrolls of immolation {unknown}
 n - 2 scrolls of remove curse {unknown}
 o - a scroll of fog {unknown}
 q - 2 scrolls of blinking {unknown}
Potions
 g - 2 potions of flight {unknown}
 m - a potion of might {unknown}
 r - a potion of curing {unknown}
Books
 c - a book of Battle

   Spells                             Type                      Level
   a - Infusion                       Charms                       1
   b - Shroud of Golubria             Charms/Translocation         2
   c - Song of Slaying                Charms                       2
   d - Spectral Weapon                Hexes/Charms                 3
   e - Regeneration                   Charms/Necromancy            3
Miscellaneous
 p - a plain deck of summoning
Comestibles
 d - 3 rations


   Skills:
 - Level 2.0 Fighting
 + Level 3.3 Long Blades
 * Level 3.9 Armour
 - Level 2.0 Dodging
 - Level 2.0 Spellcasting
 + Level 4.0 Charms
 + Level 1.8 Invocations


You had 4 spell levels left.
You knew the following spells:

 Your Spells              Type           Power        Failure   Level  Hunger
a - Shroud of Golubria    Chrm/Tloc      #.........   16%         2    ###....
b - Song of Slaying       Chrm           ##......     7%          2    ###....
c - Infusion              Chrm           ##..         4%          1    ##.....


Dungeon Overview and Level Annotations

Branches:
Dungeon (3/15)

Altars:
Ashenzari
Nemelex Xobeh

Annotations:
D:3 Grinder


Message History

You hit Grinder but do no damage.
Grinder is moderately wounded.
Grinder closely misses you.
You riposte.
You hit Grinder.
Grinder is moderately wounded.
You hit Grinder.
Grinder is moderately wounded.
Grinder hits you but does no damage.
You hit Grinder but do no damage.
Grinder is moderately wounded.
Grinder closely misses you. Grinder hits you.
* * * LOW HITPOINT WARNING * * *
You writhe in agony.
* * * LOW HITPOINT WARNING * * *
Grinder gestures at you. Pain shoots through your body!
* * * LOW HITPOINT WARNING * * *
Grinder gestures at you. Pain shoots through your body!
You die...
Your body disappears without a glow.

#.### ##.....## #.#.##
##.......##
####....####.....(...#
...........'.........'
####...####.........#
#..## ##.......## #.##
##.....## #.# ##...##
#@# ##+## #.# #.# #.#
#.# #5###### ##.## ##
#......# ##...###.
######.# #........ #.#
##...#.#.
#.#####.##.#.
#.<).........


You could see Grinder.

Vanquished Creatures
  An orc priest (D:3)
  Terence (D:3)
  An iguana (D:2)
  4 gnolls (D:3)
  3 adders
  2 oozes (D:1)
  4 worms (D:2)
  3 dart slugs
  2 leopard geckos
  4 orcs (D:3)
  11 bats
  A giant cockroach (D:2)
  6 goblins
  8 hobgoblins
  7 jackals
  6 kobolds
  A quokka (D:2)
  3 frilled lizards
  5 rats (D:1)
73 creatures vanquished.

Notes
Turn   | Place    | Note
-------+----------+-------------------------------------------
     0 | D:1      | Ivernyr the Human Skald began the quest for the Orb.
     0 | D:1      | Reached XP level 1. HP: 16/16 MP: 3/3
   282 | D:1      | Reached XP level 2. HP: 18/22 MP: 5/5
   488 | D:1      | Reached XP level 3. HP: 23/27 MP: 6/6
   572 | D:1      | Learned a level 2 spell: Song of Slaying
   575 | D:1      | Learned a level 2 spell: Shroud of Golubria
  1125 | D:2      | Reached XP level 4. HP: 33/33 MP: 7/7
  1395 | D:2      | Found a sparkling altar of Nemelex Xobeh.
  1409 | D:2      | Became a worshipper of Nemelex Xobeh the Trickster
  1497 | D:2      | Reached XP level 5. HP: 14/38 MP: 0/8
  1950 | D:2      | Found a faded altar of an unknown god.
  1950 | D:2      | Received a gift from Nemelex Xobeh
  2158 | D:2      | Found a shattered altar of Ashenzari.
  2597 | D:3      | Reached skill level 1 in Invocations
  2682 | D:3      | Reached * piety under Nemelex Xobeh
  3011 | D:3      | Noticed Terence
  3034 | D:3      | Killed Terence
  3034 | D:3      | Reached XP level 6. HP: 42/44 MP: 2/9
  3043 | D:3      | Reached skill level 4 in Charms
  3257 | D:3      | Noticed Grinder
  3346 | D:3      | Paralysed by Grinder for 5 turns
  3369 | D:3      | Killed from afar by Grinder

Skill      XL: |  1  2  3  4  5  6 |
---------------+-------------------+-----
Armour         | 2 3 |  3.9
Long Blades    | 3 |  3.3
Invocations    | 1 |  1.8
Charms         | 4 |  4.0
Fighting       | |  2.0
Dodging        | |  2.0
Spellcasting   | |  2.0

Action                   |  1- 3 |  4- 6 || total
-------------------------+-------+-------++-------
Melee: Falchion          |   108 |   237 ||   345
 Cast: Song of Slaying   |     2 |     4 ||     6
       Shroud of Golubri |     1 |    20 ||    21
       Infusion          |       |     3 ||     3
 Stab: Sleeping          |     2 |     2 ||     4
  Eat: Chunk             |     1 |     9 ||    10
Armor: Leather armour    |    43 |    39 ||    82
       Robe              |       |    16 ||    16
Dodge: Dodged            |    74 |   155 ||   229
       Rpst.: Falchion   |    24 |    41 ||    65
